Map: Catalyst LE

Players

SortOf

  • Race: Zerg Zerg
  • Spawn Location: 11:00

NightEnD - Winner!

  • Race: Protoss Protoss
  • Spawn Location: 5:00

Event: WCS Leipzig 2018

VOD

Have the link to the VOD?

Description

Time

  • Played on: Jan. 26, 2018, 9:18 a.m.
  • Length: 13:17

All games in this series

Show
View Real Time Build Order
Export as new Build Order

SortOf Zerg 

Build Orders: Hatch First, Brood Lord Corruptor, Muta Ling Bane 

Get SALT Encoding   

  12  0:00  Drone  
  13  0:13  Overlord  
  13  0:18  Drone  
  14  0:31  Drone  
  14  0:32  Drone  
  16  0:49  Hatchery  
  15  0:52  Drone  
  15  0:56  Drone  
  17  0:59  Drone  
  18  1:07  Extractor  
  17  1:15  Spawning Pool  
  16  1:19  Drone  
  16  1:22  Drone  
  18  1:29  Drone  
  19  1:39  Drone  
  20  1:50  Overlord  
  20  2:02  Queen x2  
  20  2:03  Zergling x4  
  26  2:09  Metabolic Boost  
  26  2:12  Drone  
  26  2:14  Drone  
  28  2:22  Drone x2  
  30  2:37  Hatchery  
  30  2:40  Drone  
  31  2:44  Drone  
  31  2:46  Drone  
  31  2:50  Overlord  
  32  2:54  Drone  
  32  2:55  Drone  
  34  3:00  Queen  
  36  3:08  Overlord  
  36  3:11  Drone  
  36  3:12  Drone x2  
  39  3:15  Spore Crawler  
  39  3:17  Drone  
  39  3:19  Drone  
  40  3:23  Drone  
  41  3:28  Spore Crawler  
  41  3:29  Drone x2  
  42  3:37  Drone  
  42  3:39  Lair  
  43  3:42  Queen  
  43  3:45  Drone  
  46  3:49  Drone  
  46  3:50  Drone x2  
  49  3:56  Roach Warren  
  49  3:58  Zergling x4  
  50  4:03  Zergling x2  
  50  4:04  Zergling x4  
  50  4:07  Drone x2  
  55  4:11  Drone x2  
  55  4:13  Drone, Extractor  
  55  4:16  Drone  
  58  4:20  Overlord  
  58  4:22  Overlord  
  58  4:26  Overlord  
  58  4:29  Overlord  
  58  4:37  Extractor, Overlord  
  56  4:39  Overlord  
  56  4:40  Overseer  
  56  4:42  Glial Reconstitution  
  56  4:43  Roach  
  56  4:44  Drone x2  
  56  4:45  Drone  
  61  4:48  Drone x2  
  61  4:51  Drone  
  64  4:54  Drone  
  64  4:55  Drone  
  64  4:56  Drone x2  
  64  4:59  Drone  
  69  5:00  Drone x2  
  69  5:04  Overlord  
  69  5:06  Extractor  
  70  5:07  Drone  
  70  5:08  Roach  
  70  5:10  Roach  
  75  5:19  Overlord  
  75  5:20  Roach  
  75  5:21  Roach x2, Overlord  
  81  5:23  Drone x2  
  81  5:25  Drone  
  81  5:27  Drone  
  85  5:32  Drone  
  85  5:33  Drone  
  85  5:34  Spire  
  86  5:36  Drone  
  86  5:37  Drone  
  86  5:40  Overlord  
  86  5:42  Drone x2  
  91  5:50  Drone x2  
  91  5:51  Ravager  
  91  5:54  Extractor  
  91  5:55  Drone x2, Extractor  
  91  5:56  Drone, Baneling Nest, Evolution Chamber  
  92  5:58  Drone x2  
  92  6:02  Drone x3  
  92  6:03  Overlord  
  97  6:07  Overlord  
  97  6:08  Drone x2  
  99  6:16  Drone, Hatchery  
  98  6:22  Drone x2  
  98  6:24  Drone x2  
  97  6:29  Zerg Melee Weapons Level 1  
  97  6:31  Overlord  
  97  6:32  Zergling x6, Hydralisk Den  
  99  6:41  Centrifical Hooks  
  99  6:43  Overlord  
  99  6:53  Mutalisk x4  
  109  6:56  Mutalisk  
  109  6:57  Mutalisk  
  111  7:07  Overlord  
  111  7:08  Zergling x2  
  111  7:09  Zergling x10  
  111  7:10  Extractor, Zerg Flyer Weapons Level 1  
  111  7:13  Muscular Augments  
  116  7:26  Hatchery, Hydralisk x2  
  116  7:27  Zergling x8, Infestation Pit  
  116  7:28  Zergling x2  
  123  7:31  Drone x3  
  126  7:38  Corruptor x2  
  126  7:43  Zergling x4, Hydralisk x2  
  126  7:44  Zergling x2  
  135  7:52  Hydralisk x3  
  139  7:58  Drone x2  
  135  8:06  Drone x5  
  135  8:07  Drone  
  135  8:11  Corruptor  
  135  8:12  Corruptor x3  
  143  8:20  Zergling x20  
  143  8:24  Hive  
  152  8:33  Corruptor x2  
  156  8:37  Corruptor  
  158  8:47  Corruptor x2  
  162  8:59  Zergling x2  
  162  9:00  Zergling x22  
  162  9:02  Baneling x11  
  151  9:21  Hydralisk x2  
  151  9:22  Zergling x4, Hydralisk x4  
  151  9:23  Zergling x6  
  156  9:28  Zerg Melee Weapons Level 2  
  156  9:37  Zergling x14  
  163  9:40  Hydralisk  
  163  9:42  Baneling x7  
  163  9:43  Overseer  
  165  9:52  Greater Spire  
  165  10:01  Hydralisk x4  
  165  10:02  Zergling x2  
  165  10:03  Overlord  
  173  10:13  Extractor  
  172  10:14  Overlord  
  172  10:15  Extractor  
  172  10:16  Spine Crawler x4  
  172  10:17  Spine Crawler, Baneling x6  
  172  10:18  Drone x3  
  172  10:19  Drone x3  
  172  10:20  Adrenal Glands  
  172  10:23  Baneling  
  172  10:24  Baneling  
  172  10:33  Zergling x28  
  185  10:40  Zergling x14  
  185  10:41  Zergling x2  
  184  10:50  Zergling x10  
  184  10:51  Zergling x2  
  184  10:53  Overlord  
  184  10:54  Baneling x15  
  190  11:05  Overlord  
  190  11:12  Brood Lord x2  
  190  11:13  Brood Lord  
  196  11:22  Spine Crawler  
  196  11:23  Spine Crawler  
  194  11:30  Brood Lord x3  
  193  11:45  Brood Lord  
  193  11:46  Zergling x2, Brood Lord  
  193  11:47  Zergling x48  
  188  12:01  Zergling x2, Hydralisk  
  157  12:02  Zergling x20  
  157  12:06  Baneling x11  
  157  12:07  Overseer  
  138  12:08  Baneling x3  
  138  12:09  Zergling x2  
  138  12:10  Zergling x2  
  138  12:13  Zergling x2  
  138  12:14  Zergling x4  
  125  12:16  Zergling x2  
  125  12:19  Overlord  
  125  12:22  Overlord  
  115  12:24  Baneling x7  
  108  12:32  Overlord  
  108  12:34  Overlord  
  108  12:35  Overlord  
  94  12:38  Overlord  
  94  12:40  Zergling x4  
  94  12:43  Zergling x2  
  81  12:45  Zergling x2  
  75  12:54  Zergling x2  
  75  12:58  Zergling x2  
Show
View Real Time Build Order
Export as new Build Order

NightEnD Protoss - Winner!

Build Orders: 1 Gate Expand, Oracle Opening, Phoenix Opening, Colossus Rush 

Get SALT Encoding   

  12  0:01  Probe  
  13  0:13  Probe  
  14  0:21  Pylon  
  14  0:25  Probe  
  15  0:39  Probe (Chrono Boost)  
  15  0:40  Gateway  
  16  0:49  Probe (Chrono Boost), Assimilator  
  17  0:54  Probe (Chrono Boost)  
  18  1:05  Probe  
  19  1:17  Probe  
  20  1:28  Nexus  
  20  1:30  Probe  
  21  1:40  Cybernetics Core  
  21  1:43  Probe  
  22  1:48  Assimilator  
  22  1:55  Pylon  
  22  1:58  Probe  
  23  2:13  Probe (Chrono Boost), Zealot  
  26  2:22  Stargate  
  26  2:25  Probe (Chrono Boost)  
  26  2:27  Warp Gate  
  27  2:33  Probe (Chrono Boost)  
  28  2:40  Probe (Chrono Boost)  
  30  2:44  Probe (Chrono Boost)  
  30  2:46  Adept  
  30  2:50  Probe (Chrono Boost)  
  33  2:53  Probe (Chrono Boost)  
  35  2:59  Probe (Chrono Boost)  
  35  3:00  Probe (Chrono Boost)  
  35  3:04  Oracle (Chrono Boost)  
  36  3:06  Probe x2  
  41  3:15  Gateway  
  41  3:18  Probe x2  
  43  3:25  Pylon  
  43  3:29  Pylon  
  43  3:30  Probe x2  
  45  3:42  Probe  
  45  3:43  Gateway, Sentry  
  45  3:44  Probe  
  45  3:46  Phoenix (Chrono Boost)  
  51  3:54  Probe  
  52  3:56  Probe  
  52  4:00  Assimilator  
  52  4:01  Pylon  
  52  4:02  Assimilator  
  53  4:06  Probe, Robotics Facility  
  53  4:08  Probe  
  55  4:16  Twilight Council  
  55  4:18  Forge  
  55  4:19  Probe  
  55  4:24  Probe  
  57  4:31  Probe  
  58  4:36  Probe  
  59  4:43  Probe  
  60  4:49  Pylon  
  60  4:51  Gateway  
  60  4:52  Gateway  
  60  4:53  Observer (Chrono Boost)  
  60  4:56  Gateway  
  60  4:58  Charge  
  60  4:59  Probe x2, Robotics Bay  
  63  5:01  Zealot  
  65  5:11  Immortal  
  69  5:14  Pylon  
  69  5:15  Probe x2  
  71  5:21  Protoss Ground Weapons Level 1  
  71  5:27  Probe  
  72  5:33  Zealot  
  72  5:35  Sentry, Zealot  
  78  5:38  Pylon  
  78  5:45  Probe  
  78  5:48  Colossus (Chrono Boost)  
  80  5:51  Nexus  
  80  5:55  Probe  
  86  5:57  Pylon  
  86  6:09  Probe  
  86  6:10  Probe  
  88  6:13  Stalker x3  
  92  6:28  Probe x2  
  92  6:31  Colossus (Chrono Boost)  
  94  6:34  Pylon  
  94  6:36  Pylon  
  94  6:38  Assimilator  
  100  6:41  Probe x2  
  100  6:43  Assimilator  
  102  6:48  Extended Thermal Lance  
  102  6:57  Probe x2  
  104  7:02  Templar Archives, Pylon  
  104  7:04  Blink  
  104  7:09  Observer  
  104  7:10  Sentry, Zealot  
  104  7:11  Zealot x3  
  104  7:12  Zealot  
  116  7:16  Probe x3  
  116  7:17  Protoss Ground Weapons Level 2 (Chrono Boost)  
  119  7:29  Observer  
  120  7:37  Stalker x4  
  120  7:40  Stalker  
  130  7:50  Probe x3  
  129  7:54  Stalker  
  130  8:02  Probe x2  
  128  8:11  Colossus (Chrono Boost)  
  125  8:13  Zealot  
  125  8:14  Zealot x4  
  141  8:23  Pylon x2  
  141  8:28  Gateway  
  141  8:29  Gateway  
  141  8:31  Gateway  
  141  8:41  Probe x3  
  141  8:44  High Templar x4, Stalker  
  141  8:45  Stalker  
  141  8:48  Pylon  
  156  8:51  Archon  
  156  8:52  Archon  
  156  9:02  Colossus (Chrono Boost)  
  155  9:03  Photon Cannon  
  155  9:05  Photon Cannon  
  155  9:09  Zealot  
  161  9:10  Zealot  
  162  9:22  Stalker  
  162  9:23  Stalker x3  
  150  9:32  Gateway  
  150  9:33  High Templar x2, Gateway  
  150  9:38  Archon  
  154  9:39  Zealot  
  154  9:44  Pylon  
  154  9:45  Pylon  
  156  9:48  Pylon  
  156  9:50  High Templar x2  
  156  9:51  Stalker  
  162  9:53  Zealot  
  162  9:54  Archon  
  161  10:10  Stalker, Warp Prism (Chrono Boost)  
  161  10:11  Stalker x2  
  169  10:16  Stalker  
  169  10:17  Stalker  
  173  10:21  Photon Cannon  
  173  10:28  Zealot x2  
  175  10:35  Zealot  
  175  10:36  Zealot  
  164  10:58  Stalker  
  164  10:59  Stalker x6  
  164  11:00  Stalker x2  
  182  11:06  Observer  
  182  11:10  Pylon  
  183  11:26  High Templar x2  
  183  11:30  High Templar x2  
  183  11:31  Zealot x3  
  197  11:33  Archon  
  197  11:34  Archon  
  153  12:00  Stalker  
  119  12:01  Stalker x3  
  119  12:02  Stalker x2  
  97  12:39  Zealot  
  97  12:40  Zealot x2  
Tags
 
Add a new tag
Caveats
  • Supply blocks, unpowered buildings, or Contaminate may cause inaccurate times.
  • Supply counts are checked every 10 seconds.